 Dungeon Crawl Stone Soup version 0.18-a0-1430-g9c1b2fb (webtiles) character file.

39 Geeful the Firebug (level 3, 26/26 HPs)
             Began as a Draconian Fire Elementalist on Feb 27, 2016.
             Got out of the dungeon alive.
             The game lasted 00:05:02 (1292 turns).

Geeful the Firebug (Draconian Fire Elementalist)    Turns: 1292, Time: 00:05:02

Health: 26/26      AC:  5    Str: 10    XL:     3   Next: 28%
Magic:  6/6        EV: 12    Int: 16    God:
Gold:   36         SH:  0    Dex: 11    Spells: 1 memorised, 6 levels left

rFire  . . .     SeeInvis .     b - +0 hunting sling
rCold  . . .     Gourm    .     (armour unavailable)
rNeg   . . .     Faith    .     (no shield)
rPois  .         Spirit   .     (helmet restricted)
rElec  .         Dismiss  .     (no cloak)
rCorr  .         Reflect  .     (no gloves)
SustAt .         Harm     .     (no boots)
MR     .....                    (no amulet)
Stlth  ++........               (no ring)
                                (no ring)

@: not resistant to hostile enchantments, unstealthy
A: unfitting armour, cold-blooded, AC +5
a: no special abilities


You escaped.
You were hungry.

You visited 1 branch of the dungeon, and saw 1 of its levels.

You collected 36 gold pieces.

Inventory:

Hand Weapons
 a - a +1 whip
 b - a +0 hunting sling (weapon)
Missiles
 f - 17 stones
 k - 14 sling bullets (quivered)
Scrolls
 c - 2 scrolls of enchant armour
Potions
 h - 2 potions of brilliance
 j - 2 potions of curing {unknown}
 o - 2 potions of lignification {unknown}
Books
 e - a book of Flames

   Spells                             Type                      Level
   a - Flame Tongue                   Conjuration/Fire             1
   b - Throw Flame                    Conjuration/Fire             2
   c - Conjure Flame                  Conjuration/Fire             3
   d - Inner Flame                    Hexes/Fire                   3
   e - Sticky Flame                   Conjuration/Fire             4
   f - Fireball                       Conjuration/Fire             5
Comestibles
 g - a bread ration
 i - a royal jelly
 r - a slice of pizza


   Skills:
 - Level 1.7 Dodging
 - Level 1.7 Stealth
 + Level 2.6 Spellcasting
 + Level 2.0 Conjurations
 + Level 3.4 Fire Magic


You had 6 spell levels left.
You knew the following spells:

 Your Spells              Type           Power        Failure   Level  Hunger
a - Flame Tongue          Conj/Fire      ##...        10%         1    #......


Dungeon Overview and Level Annotations

Branches:
Dungeon (1/15)

Altars:


Innate Abilities, Weirdness & Mutations

Your plain brown scales are hard (AC +5).
Your body does not fit into most forms of armour.
You are cold-blooded and may be slowed by cold attacks.


Message History

Casting: Flame Tongue
Confirm with . or Enter, or press ? or * to list all spells.
Aiming: Flame Tongue
Press: ? - help, Shift-Dir - straight line, f/p - hobgoblin
Aim: a hobgoblin (almost dead)
The flame tongue hits the hobgoblin.
You kill the hobgoblin!
You start resting.
Magic restored.
k - 14 sling bullets (gained 2)
You see here a robe.
Done exploring.
Some of the chunks of flesh in your inventory have rotted away.
All of the chunks of flesh in your inventory have rotted away.
You are feeling hungry.
(D) Dungeon
Where to? (Enter - D:1 @ (x,y), ? - help)
There is a staircase leading out of the dungeon here.
Are you sure you want to leave the Dungeon?
This will make you lose the game!
You have escaped!

##.....# #.....## #..##
#.....## ##.....# #...#
#.....# #.....# ##..##
#.....# #.....####...#
#.....##
##.....#......#
##.....#
#.....##......#
#.....###.....#........
###
##.....#.....##.....#..
..#
##...@#....###........
..################..###
##....#..
..'............# #.##
#....#..
..############.#
#.############.# ..#
#.# #...............
..# #.#
#.############## ###
#.###.#............†
#.....#.############
#######.............


There were no monsters in sight!

Vanquished Creatures
  2 oozes (D:1)
  3 dart slugs (D:1)
  A giant gecko (D:1)
  2 giant cockroaches (D:1)
  4 hobgoblins (D:1)
  4 bats (D:1)
  A giant newt (D:1)
  A goblin (D:1)
  4 kobolds (D:1)
  3 rats (D:1)
25 creatures vanquished.

Notes
Turn   | Place    | Note
--------------------------------------------------------------
     0 | D:1      | Geeful the Draconian Fire Elementalist began the quest for the Orb.
     0 | D:1      | Reached XP level 1. HP: 14/14 MP: 3/3
   240 | D:1      | Reached XP level 2. HP: 11/20 MP: 0/5
   791 | D:1      | Reached XP level 3. HP: 26/26 MP: 2/6
  1292 | D:$      | Got out of the dungeon alive.

Vault maps used:
D:1:      minmay_arrival_loop

Skill      XL: |  1  2  3 |
---------------+----------+-----
Conjurations   | 2 |  2.0
Dodging        | |  1.7
Stealth        | |  1.7
Spellcasting   | |  2.6
Fire Magic     | |  3.4

Action                   || total
-------------------------++-------
Melee: Whip              ||    31
 Fire: Hunting sling     ||    15
Throw: Stone             ||     1
 Cast: Flame Tongue      ||    37
  Use: Scroll            ||     5
  Eat: Chunk             ||     1
